 Dungeon Crawl Stone Soup version 0.29-a0-1043-g569b05d6ff (webtiles) character file.

Game seed: 4890400700815150573

507846 quixfox the Pyromancer (level 23, 0/156 HPs)
             Began as a Demonspawn Conjurer on Aug 14, 2022.
             Was the Champion of Vehumet.
             Killed by the air
             ... invoked by a spriggan air mage
              (6 damage)
             ... on level 3 of the Depths on Aug 16, 2022.
             The game lasted 07:10:34 (60665 turns).

quixfox the Pyromancer (Demonspawn Conjurer)       Turns: 60665, Time: 07:10:34

Health: 0/156      AC: 27    Str:  6    XL:     23   Next: 87%
Magic:  0/41       EV: 14    Int: 50    God:    Vehumet [******]
Gold:   5010       SH:  9    Dex: 20    Spells: 16/50 levels left

rFire   + . .      SeeInvis .   a - staff of conjuration
rCold   + . .      Faith    .   n - +2 buckler
rNeg    + . .      Spirit   +   R - +6 scale mail of the Gate {*Slow Will++ Int+8}
rPois   +          Reflect  .   (helmet unavailable)
rElec   +          Harm     +   W - +0 cloak
rCorr   +          Rampage  .   A - +2 pair of gloves of Infinity {rElec rPois Str-2}
Will    +++..                   v - +1 pair of boots of Fun and Games {Harm Drain rCorr Str+2 Int+2}
Stlth   +.........              q - amulet of Cineasib {Regen+ Int+5}
HPRegen 1.16/turn               x - ring "Xilubead" {rF+ Str-4 Int+3 Dex+8}
MPRegen 0.54/turn               w - ring of Zuul {+Blink rC+ rN+ Int+4}

@: mighty, agile, slowed, studying 2 skills, very slow
A: horns 3, thin metallic scales 3, powered by pain 2, augmentation 1, magic
shield, magic regeneration
}: 3/15 runes: decaying, abyssal, gossamer
a: Renounce Religion, Evoke Blink


You were on level 3 of the Depths.
You worshipped Vehumet.
Vehumet was exalted by your worship.
You visited 10 branches of the dungeon, and saw 44 of its levels.
You visited the Abyss 1 time.
You also visited: Trove, Ice Cave, Wizlab and Desolation.

You collected 8806 gold pieces.
You spent 3796 gold pieces at shops.

Inventory:

Missiles
 g - 2 silver javelins
Armour
 n - a +2 buckler (worn)
 t - the +1 kite shield of Protective Custody {rN++ Dex+6}
   (You found it in a treasure trove)

   Dex:       It affects your dexterity (+6).
   rN:        It greatly protects you from negative energy.
 v - the +1 pair of boots of Fun and Games (worn) {Harm Drain rCorr Str+2 Int+2}
   (You found it on level 6 of the Dungeon)

   Str:       It affects your strength (+2).
   Int:       It affects your intelligence (+2).
   rCorr:     It protects you from acid and corrosion.
   Drain:     It drains your maximum health when unequipped.
   Harm:      It increases damage dealt and taken.
 A - the +2 pair of gloves of Infinity (worn) {rElec rPois Str-2}
   (You found it in a treasure trove)

   Str:       It affects your strength (-2).
   rElec:     It insulates you from electricity.
   rPois:     It protects you from poison.
 R - the +6 scale mail of the Gate (worn) {*Slow Will++ Int+8}
   (You took it off a deep elf high priest on level 3 of the Elven Halls)

   Int:       It affects your intelligence (+8).
   *Slow:     It may slow you when you take damage.
   Will:      It greatly increases your willpower.
 W - a +0 cloak (worn)
Magical Staves
 a - a staff of conjuration (weapon)
 b - a staff of earth
Jewellery
 d - the ring of Creativity {rPois rC+ AC+4 Int+3}
   (You acquired it on level 2 of the Swamp)

   [ring of protection]

   AC:        It affects your AC (+4).
   Int:       It affects your intelligence (+3).
   rC:        It protects you from cold.
   rPois:     It protects you from poison.
 l - an amulet of faith
 q - the amulet of Cineasib (around neck) {Regen+ Int+5}
   (You found it in the Desolation of Salt)

   [amulet of regeneration]

   Int:       It affects your intelligence (+5).
   Regen:     It increases your rate of health regeneration.
 w - the ring of Zuul (right hand) {+Blink rC+ rN+ Int+4}
   (You found it in a treasure trove)

   [ring of protection from cold]

   Int:       It affects your intelligence (+4).
   rC:        It protects you from cold.
   rN:        It protects you from negative energy.
   +Blink:    It lets you blink.
 x - the ring "Xilubead" (left hand) {rF+ Str-4 Int+3 Dex+8}
   (You found it in a treasure trove)

   [ring of protection from fire]

   Str:       It affects your strength (-4).
   Int:       It affects your intelligence (+3).
   Dex:       It affects your dexterity (+8).
   rF:        It protects you from fire.
 B - the amulet of Roleilem {Reflect Regen+ SH+5}
   (You found it on level 2 of the Lair of Beasts)

   [amulet of reflection]

   It reflects blocked missile attacks.
   Regen:     It increases your rate of health regeneration.
   SH:        It affects your SH (+5).
 Q - a ring of flight
 T - the ring "Apioppul" {rElec rPois SInv}
   (You found it on level 3 of the Spider Nest)

   [ring of see invisible]

   rElec:     It insulates you from electricity.
   rPois:     It protects you from poison.
   SInv:      It lets you see invisible.
 Y - the ring of Uqol {rF+ rN++}
   (You bought it in a shop on level 2 of the Orcish Mines)

   [ring of protection from fire]

   rF:        It protects you from fire.
   rN:        It greatly protects you from negative energy.
Wands
 y - a wand of quicksilver (34)
 F - a wand of mindburst (46)
 G - a wand of digging (36)
 U - a wand of iceblast (22)
Scrolls
 c - 3 scrolls of blinking
 e - 5 scrolls of amnesia
 k - 7 scrolls of immolation
 m - 3 scrolls of enchant armour
 o - 2 scrolls of silence
 s - 2 scrolls of fog
 z - 6 scrolls of summoning
 K - 11 scrolls of teleportation
 L - 6 scrolls of magic mapping
 M - 10 scrolls of fear
 S - 3 scrolls of poison
Potions
 f - 21 potions of heal wounds
 h - 14 potions of mutation
 i - 11 potions of lignification
 j - 7 potions of berserk rage
 p - 8 potions of curing
 r - 4 potions of brilliance
 u - 12 potions of flight
 C - 8 potions of cancellation
 H - 7 potions of haste
 J - 3 potions of invisibility
 N - 7 potions of resistance
 O - 6 potions of ambrosia
 P - 9 potions of might
 Z - 3 potions of magic


   Skills:
 - Level 7.2 Fighting
 - Level 14.7 Armour
 - Level 4.0 Dodging
 - Level 3.4 Stealth
 + Level 8.9 Shields
 - Level 14.0 Spellcasting
 - Level 19.0 Conjurations
 - Level 2.6 Translocations
 + Level 21.4 Fire Magic
 - Level 4.0 Ice Magic
 - Level 4.0 Air Magic
 + Level 19.9 Earth Magic


You had 16 spell levels left.
You knew the following spells:

 Your Spells              Type           Power      Damage    Failure   Level
a - Magic Dart            Conj           100%       1d8       0%          1
c - Iskenderun's Mystic   Conj/Tloc      100%       2d19      1%          4
d - Lee's Rapid Deconstr  Erth           62%        3d30*     1%          5
e - Freezing Cloud        Conj/Ice/Air   56%        6-21      1%          5
f - Fireball              Conj/Fire      75%        3d28      1%          5
g - Iron Shot             Conj/Erth      74%        9d14      1%          6
h - Ignition              Fire           64%        3d17      1%          8

Your spell library contained the following spells:

 Spells                   Type           Power      Damage    Failure   Level
 Chain Lightning          Conj/Air       61%        3d82      100%        9
 Polar Vortex             Ice            33%        N/A       100%        9
 Scorch                   Fire           100%       2d10      0%          2
 Searing Ray              Conj           100%       2d8       0%          2
 Sticky Flame             Conj/Fire      100%       2d11      0%          4
 Shock                    Conj/Air       100%       1d9       1%          1
 Static Discharge         Conj/Air       100%       3-16/arc  1%          2
 Dazzling Flash           Conj/Hex       100%       N/A       1%          3
 Ignite Poison            Fire/Tmut/Pois 82%        N/A       1%          3
 Inner Flame              Hex/Fire       97%        N/A       1%          3
 Mephitic Cloud           Conj/Pois/Air  100%       N/A       1%          3
 Animate Armour           Summ/Erth      100%       N/A       1%          4
 Fulminant Prism          Conj/Hex       57%        3d25      1%          4
 Hailstorm                Conj/Ice       100%       3d20      1%          4
 Leda's Liquefaction      Hex/Erth       47%        N/A       1%          4
 Irradiate                Conj/Tmut      57%        3d30      1%          5
 Iskenderun's Battlesphe  Conj           100%       2d15      1%          5
 Lightning Bolt           Conj/Air       61%        1d84      1%          5
 Conjure Ball Lightning   Conj/Air       61%        3x3d22    1%          6
 Orb of Destruction       Conj           73%        9d17      1%          7
 Airstrike                Air            33%        2d(5-21)  2%          4
 Ensorcelled Hibernation  Hex/Ice        100%       N/A       3%          2
 Ozocubu's Armour         Ice            66%        N/A       3%          3
 Lehudib's Crystal Spear  Conj/Erth      74%        10d17     3%          8
 Beastly Appendage        Tmut           70%        N/A       4%          1
 Slow                     Hex            100%       N/A       4%          1
 Gell's Gravitas          Tloc           58%        N/A       4%          3
 Lesser Beckoning         Tloc           58%        N/A       4%          3
 Teleport Other           Tloc           58%        N/A       4%          3
 Sublimation of Blood     Necr           35%        N/A       8%          2
 Wereblood                Tmut           35%        N/A       8%          2
 Portal Projectile        Hex/Tloc       96%        N/A       9%          3
 Olgreb's Toxic Radiance  Pois           35%        N/A       13%         4
 Statue Form              Tmut/Erth      62%        N/A       13%         6
 Confusing Touch          Hex            35%        N/A       16%         3
 Spider Form              Tmut/Pois      35%        N/A       16%         3
 Summon Guardian Golem    Hex/Summ       35%        N/A       16%         3
 Tukima's Dance           Hex            35%        N/A       16%         3
 Vampiric Draining        Necr           35%        2d8       16%         3
 Passage of Golubria      Tloc           58%        N/A       17%         4
 Ice Form                 Ice/Tmut       53%        N/A       22%         4
 Summon Ice Beast         Ice/Summ       53%        N/A       22%         4
 Summon Lightning Spire   Summ/Air       53%        N/A       22%         4
 Spellforged Servitor     Conj/Summ      57%        N/A       22%         7
 Corpse Rot               Necr/Pois/Air  48%        N/A       28%         4
 Cause Fear               Hex            17%        N/A       45%         4
 Dispel Undead            Necr           35%        3d15      45%         4
 Metabolic Englaciation   Hex/Ice        26%        N/A       52%         5
 Silence                  Hex/Air        26%        N/A       52%         5
 Summon Forest            Summ/Tloc      24%        N/A       63%         5
 Blade Hands              Tmut           17%        N/A       80%         5
 Ozocubu's Refrigeration  Ice            33%        4d14      87%         7
 Simulacrum               Ice/Necr       26%        N/A       98%         6
 Death Channel            Necr           17%        N/A       100%        6
 Dragon Form              Tmut           17%        N/A       100%        7
 Malign Gateway           Summ/Tloc      24%        N/A       100%        7
 Summon Hydra             Summ           17%        N/A       100%        7
 Borgnjor's Revivificati  Necr           17%        N/A       100%        8
 Discord                  Hex            17%        N/A       100%        8
 Disjunction              Tloc           29%        N/A       100%        8
 Infestation              Necr           17%        N/A       100%        8
 Dragon's Call            Summ           17%        N/A       100%        9


Dungeon Overview and Level Annotations

Branches:
Dungeon (15/15)            Temple (1/1) D:7            Lair (5/5) D:8
  Swamp (4/4) Lair:3       Spider (4/4) Lair:2        Slime (0/5) Lair:4
    Orc (2/2) D:9             Elf (3/3) Orc:2        Vaults (4/5) D:13
  Crypt (3/3) Vaults:2       Tomb (0/3) Crypt:3      Depths (3/4) D:15
  IceCv (visited)          WizLab (visited)         Desolation (visited)

Altars:
Ashenzari
Cheibriados
Dithmenos
Fedhas
Gozag
Hepliaklqana
Kikubaaqudgha
Makhleb
Nemelex Xobeh
Okawaru
Qazlal
Ru
Sif Muna
Trog
Uskayaw
Vehumet
Wu Jian
Xom
Yredelemnul
Jiyva

Shops:
D:9 [   Orc:2 !?(=:   Elf:1 (   Vaults:3 *   Depths:1 :   Depths:2 ?!

Portals:
Hell: Depths:1 Depths:2
Abyss: Lair:4 Depths:1
Pandemonium: Depths:2
Ziggurat: Depths:2

Annotations:
D:4 1 runed translucent door, Crazy Yiuf, Duvessa
Lair:1 1 runed translucent door, balagan2's ghost, novice FeCj
Lair:4 1 runed translucent door, 2 transporters, drugrobin's ghost, journeyman DgDe
Swamp:1 1 runed translucent door
Swamp:2 1 runed translucent door, Ozxa's ghost, adept DjCA
Orc:1 2 transporters, Erchach's ghost, journeyman OpHu
Elf:2 3 runed translucent doors
Depths:1 3 runed translucent doors, Gesipsybb's ghost, adept MiBe


Innate Abilities, Weirdness & Mutations

You have a pair of large horns on your head.
You are completely covered in thin metallic scales. (AC +4, rElec)
You sometimes gain power by taking damage.
Your magical and physical power is slightly enhanced at high health.
When hurt, damage is shared between your health and your magic reserves.
You regenerate magic rapidly.


Message History

The iron shot hits the spriggan berserker!!!
You kill the spriggan berserker!
Vehumet accepts your kill.
You feel your power returning.
A deep troll comes into view.
The spriggan air mage waves its arms in wide circles.
The air twists around and strikes you!!
You focus on the pain.
You feel your power returning. You block the spriggan rider's attack.
The spriggan rider throws a curare-tipped dart.
The curare-tipped dart hits you.
The spriggan air mage gestures at you while chanting.
The bolt of lightning misses you.
The spriggan air mage waves its arms in wide circles.
The air twists around and strikes you.
The spriggan air mage waves its arms in wide circles.
The air twists around and strikes you!!
* * * LOW HITPOINT WARNING * * *
You focus on the pain.
You feel agile all of a sudden.
The spriggan rider hits you from afar with a +0 spear!
* * * LOW HITPOINT WARNING * * *
Okay, then.
Blink to where?
Press: ? - help, Dir - move target
As you read the scroll of blinking, it crumbles to dust.
The spriggan rider throws a curare-tipped dart.
The curare-tipped dart hits you.
You have difficulty breathing.
* * * LOW HITPOINT WARNING * * *
You feel yourself slow down.
You feel better.
The spriggan air mage waves its arms in wide circles.
The air twists around and strikes you!!
* * * LOW HITPOINT WARNING * * *
You focus on the pain.
You feel your power returning.
The spriggan air mage waves its arms in wide circles.
The air twists around and strikes you.
* * * LOW HITPOINT WARNING * * *
The spriggan air mage waves its arms in wide circles.
The air twists around and strikes you!
You die...

#.............
#.............
#..######.............
#.....................
###..>..................
....................>...
$.).....................
.............§i.@.......
...........i.........#..
....................###
...........i.......##.##
..................##...##
.......).T........#?...)#
$......T..........###.###
......T......#####..#.#
#####
.[......)....#...#..#.#
#[..#


You could see a spriggan rider, 2 spriggan air magi and a deep troll earth mage.

Vanquished Creatures
  3 dread liches
  A juggernaut (Depths:3)
  Bai Suzhen (Vaults:4)
  A caustic shrike (Depths:3)
  Nikola (Spider:2)
  A tentacled monstrosity (Depths:3)
  Jorgrun (Spider:1)
  4 liches
  2 walking earthen tomes
  2 deep elf blademasters (Elf:3)
  2 deep elf master archers (Elf:3)
  A sphinx (Vaults:4)
  A tentacled starspawn (Abyss:3)
  4 ancient champions
  2 tengu reavers (Depths:2)
  Gastronok (Lair:2)
  2 thorn hunters
  The ghost of gdog the Covert, an adept GnDe of Gozag (Spider:3)
  A storm dragon (Depths:3)
  2 shadow dragons
  A draconian monk (Abyss:3)
  2 fenstrider witches
  Donald (Swamp:2)
  7 revenants
  3 nagarajas (WizLab)
  6 frost giants
  5 deep elf sorcerers
  A draconian knight (Abyss:3)
  9 vault wardens
  An orc warlord (Vaults:1)
  6 fire giants
  Aizul (Crypt:1)
  4 ghost moths
  An imperial myrmidon (Desolation)
  2 angels (Vaults:3)
  7 emperor scorpions
  3 demonspawn corrupters (WizLab)
  7 deep elf elementalists
  7 curse skulls
  12 very ugly things
  11 ironbound preservers
  3 ghouls (Crypt:1)
  2 broodmothers
  7 stone giants
  8 reapers
  A caustic shrike skeleton (Crypt:1)
  A war gargoyle (Vaults:3)
  A draconian annihilator (Abyss:3)
  An elemental wellspring (Depths:1)
  Nessos (Lair:4)
  11 vampire knights
  7 ironbound thunderhulks
  5 deep elf demonologists (Elf:3)
  7 entropy weavers
  6 deep elf annihilators (Elf:3)
  3 bunyips
  2 lorocyprocas (Abyss:3)
  2 halazid warlocks (Desolation)
  8 eleionomae
  15 dire elephants
  4 spark wasps
  5 ettins
  16 eidola
  6 deep elf death magi
  2 mummy priests
  A shambling mangrove (Swamp:4)
  2 merfolk javelineers (WizLab)
  11 yaktaur captains
  5 great orbs of eyes
  2 crystal guardians (Desolation)
  9 jiangshi
  9 deep elf high priests
  5 ragged hierophants (Desolation)
  4 spriggan zombies (Crypt:3)
  Josephine (D:14)
  4 fire dragons
  2 quicksilver dragon skeletons
  An elf skeleton (Crypt:1)
  A salamander tyrant (Depths:1)
  7 ice dragons
  A rakshasa (Depths:1)
  27 hydras
  3 spriggan air magi
  10 boulder beetles
  4 peacekeepers
  5 radroaches
  A jorogumo (Spider:4)
  12 vault guards
  A servant of whispers (Desolation)
  2 ghost crabs (Swamp:3)
  5 alligators
  7 ironbound frosthearts
  3 catoblepae
  3 merfolk aquamancers
  4 two-headed ogres
  A death knight (D:14)
  11 centaur warriors
  21 dancing weapons
  A deep troll shaman (Depths:3)
  4 tengu warriors
  8 vampire magi (Crypt:1)
  3 titan zombies (Crypt:3)
  Urug (Orc:2)
  6 deep troll earth magi
  7 death yaks
  7 spriggan berserkers
  4 orc high priests (Orc:2)
  A storm dragon zombie (Crypt:3)
  19 deep elf knights
  8 spriggans
  A hell knight (WizLab)
  A wretched star (Abyss:3)
  Nergalle (Lair:3)
  3 soul eaters
  2 sun demons
  A titan skeleton (Vaults:2)
  4 shadow wraiths
  24 skeletal warriors
  An iron troll (Depths:2)
  3 bunyip zombies
  5 goliath frogs
  3 sun moths
  The ghost of gebbletook2 the Chopper, a novice VSFi of Sif Muna (D:10)
  10 pharaoh ants
  2 starcursed masses (Abyss:3)
  An anaconda zombie (Crypt:3)
  33 deep trolls
  9 orb spiders
  4 flayed ghosts
  8 swamp dragons
  17 deep elf archers
  4 glowing orange brains
  8 orc knights
  11 spriggan druids
  7 steelbarb worms
  23 ironbound convokers
  4 lindwurms
  Pikel (D:7)
  9 harpies
  9 bog bodies
  13 phantasmal warriors
  17 wizards
  22 wolf spiders
  31 deep elf zephyrmancers
  A tengu skeleton (Vaults:2)
  2 salamanders (Depths:1)
  2 shadow dragon skeletons
  12 necromancers
  8 orc sorcerers
  9 will-o-the-wisps
  21 ugly things
  3 draconians (Abyss:3)
  14 deep elf pyromancers
  A cyclops (D:13)
  5 worldbinders (WizLab)
  2 oklob plants (Lair:2)
  3 stone giant skeletons
  18 elephants
  A moth of wrath (shapeshifter) (Depths:1)
  4 centaur zombies (Crypt:3)
  3 moths of wrath
  7 manticores
  Joseph (D:8)
  A water nymph (shapeshifter) (Depths:2)
  3 gargoyles
  3 ice statues (IceCv)
  11 torpor snails
  A guardian serpent (Desolation)
  10 vault sentinels
  5 black mambas
  2 dire elephant zombies (Crypt:3)
  A centaur skeleton (Crypt:3)
  18 cane toads
  9 unseen horrors
  A komodo dragon (shapeshifter) (Elf:3)
  Maggie (D:10)
  9 komodo dragons
  6 freezing wraiths
  A kobold demonologist (D:13)
  An alligator snapping turtle skeleton (Crypt:2)
  39 yaktaurs
  2 rime drakes (Lair:5)
  2 yaktaur skeletons (Vaults:2)
  8 demonic crawlers
  A purple draconian skeleton (Crypt:1)
  4 dire elephant skeletons (Crypt:3)
  A dryad (Depths:1)
  13 hellwings (Crypt:3)
  An ice devil (Depths:2)
  A grey draconian skeleton (Crypt:2)
  2 human skeletons (Vaults:2)
  A guardian mummy (Crypt:3)
  4 polar bears
  6 bloated husks
  2 merfolk (Depths:1)
  A meliai (shapeshifter) (Elf:3)
  A harpy zombie (Crypt:1)
  16 meliai
  6 hornets
  16 tyrant leeches
  7 trolls
  A wolf spider simulacrum (D:15)
  32 saltlings (Desolation)
  28 slime creatures
  23 tarantellas
  2 harpy skeletons
  A raiju (shapeshifter) (D:15)
  A slime creature (shapeshifter) (Elf:3)
  An alligator zombie (Crypt:1)
  A moth of wrath zombie (Crypt:2)
  19 blink frogs
  A raiju (Abyss:3)
  Sigmund (D:3)
  A human simulacrum (Vaults:1)
  26 jumping spiders
  9 dream sheep
  2 black mamba zombies
  23 culicivoras
  4 shadows (D:10)
  6 water elementals
  2 stone giant simulacra
  2 ettin skeletons
  14 wraiths
  53 yaks
  An air elemental (Elf:1)
  A deep troll skeleton (Vaults:2)
  11 large abominations
  An ushabti (Crypt:3)
  7 wyverns
  2 hogs (shapeshifter)
  A basilisk (Lair:5)
  A human (shapeshifter) (Elf:1)
  Eustachio (D:5)
  A death yak simulacrum (IceCv)
  4 fire elementals
  43 redbacks
  A steam dragon (D:8)
  17 vampire mosquitoes
  3 chaos spawn
  4 small abominations
  4 wargs
  A harpy simulacrum (IceCv)
  2 hydra simulacra (IceCv)
  11 water moccasins
  15 swamp worms
  A floating eye (WizLab)
  A faun skeleton (Crypt:1)
  10 swamp drakes
  4 black bears
  2 human zombies (Vaults:1)
  17 orc warriors
  A boggart (Elf:1)
  15 wolves
  18 centaurs
  6 ogres
  A phantom (D:5)
  2 kobold brigands
  15 bullfrogs
  A necrophage (Crypt:1)
  7 earth elementals
  2 gnoll sergeants
  3 scorpions
  3 cane toad simulacra (IceCv)
  6 wights
  12 wyvern skeletons (Crypt:3)
  A cyclops skeleton (Crypt:1)
  11 killer bees
  A raiju skeleton (Crypt:1)
  3 electric eels
  2 howler monkeys
  5 hounds
  14 orc priests
  A gnoll bouda (D:7)
  A jelly (D:6)
  5 iguanas
  26 orc wizards
  A polar bear simulacrum (IceCv)
  3 naga skeletons
  A mummy (Crypt:3)
  14 gnolls
  A howler monkey skeleton (Crypt:2)
  7 adders
  A white imp (D:8)
  2 ufetubi
  57 orcs
  6 ball pythons
  7 bats
  6 endoplasms
  A giant cockroach (D:2)
  7 goblins
  7 hobgoblins
  3 jackals (D:3)
  11 kobolds
  An endoplasm zombie (Crypt:1)
  2 frilled lizards
  A jackal zombie (Crypt:2)
  2 rats
  A river rat skeleton (Crypt:2)
  4 bushes
1864 creatures vanquished.

Vanquished Creatures (others)
  A water elemental (Elf:3)
  26 foxfires
  48 fungi
  108 plants
  23 withered plants (Crypt:3)
206 creatures vanquished.

Grand Total: 2070 creatures vanquished

Notes
Turn   | Place    | Note
-------+----------+-------------------------------------------
     0 | D:1      | quixfox the Demonspawn Conjurer began the quest for the
                  | Orb.
     0 | D:1      | Reached XP level 1. HP: 13/13 MP: 3/3
   349 | D:1      | Gained mutation: You have a pair of small horns on your
                  | head. [demonic ancestry]
   349 | D:1      | Reached XP level 2. HP: 19/19 MP: 3/5
  1242 | D:2      | Reached XP level 3. HP: 21/24 MP: 0/7
  1707 | D:2      | Learned a level 2 spell: Searing Ray
  1751 | D:2      | Found a faded altar of an unknown god.
  2378 | D:3      | Reached XP level 4. HP: 30/30 MP: 4/8
  2578 | D:3      | Found a shimmering blue altar of Sif Muna.
  2585 | D:3      | Reached skill level 5 in Conjurations
  2904 | D:3      | Gained mutation: You regenerate magic rapidly. [demonic
                  | ancestry]
  2904 | D:3      | Reached XP level 5. HP: 35/35 MP: 4/10
  3115 | D:3      | Noticed Sigmund
  3124 | D:3      | Killed Sigmund
  3125 | D:3      | Reached XP level 6. HP: 31/41 MP: 3/12
  3619 | D:4      | Noticed Duvessa
  3964 | D:4      | Found a runed translucent door.
  3965 | D:4      | Noticed Crazy Yiuf
  4001 | D:5      | Entered Level 5 of the Dungeon
  4081 | D:5      | Reached skill level 5 in Spellcasting
  4122 | D:5      | Noticed an ice beast
  4139 | D:5      | Found a blossoming altar of Fedhas.
  4227 | D:5      | Reached XP level 7. HP: 46/46 MP: 14/14
  4457 | D:5      | Reached skill level 1 in Fighting
  4703 | D:5      | Noticed Eustachio
  4720 | D:5      | Killed Eustachio
  5208 | D:6      | Gained mutation: You are partially covered in thin metallic
                  | scales. (AC +2) [demonic ancestry]
  5208 | D:6      | Reached XP level 8. HP: 57/57 MP: 16/16
  5391 | D:6      | Identified the +1 pair of boots of Fun and Games {Harm
                  | Drain rCorr Str+2 Int+2}
  5605 | D:6      | Learned a level 4 spell: Iskenderun's Mystic Blast
  5967 | D:6      | Found a hide-covered altar of Uskayaw.
  6069 | D:7      | Found a shimmering altar of Xom.
  6076 | D:7      | Reached skill level 1 in Shields
  6255 | D:7      | Found a burning altar of Makhleb.
  6256 | D:7      | Found a snail-covered altar of Cheibriados.
  6294 | D:7      | Found an iron altar of Okawaru.
  6431 | D:7      | Reached skill level 1 in Translocations
  6678 | D:7      | Found a staircase to the Ecumenical Temple.
  6687 | Temple   | Entered the Ecumenical Temple
  6724 | Temple   | Became a worshipper of Vehumet
  6963 | D:7      | Gained mutation: You sometimes gain a little power by
                  | taking damage. [demonic ancestry]
  6963 | D:7      | Reached XP level 9. HP: 65/65 MP: 18/18
  7801 | D:8      | Noticed a gargoyle
  8008 | D:8      | Noticed Joseph
  8135 | D:8      | Reached skill level 5 in Fighting
  8538 | D:8      | Noticed a troll
  8543 | D:8      | Killed a gargoyle
  8695 | D:8      | HP: 3/68 [Joseph/sling bullet (2)]
  9012 | D:8      | Noticed Pikel
  9019 | D:7      | Killed Pikel
  9020 | D:7      | Reached XP level 10. HP: 52/76 MP: 21/21
  9385 | D:8      | Reached * piety under Vehumet
  9385 | D:8      | Offered knowledge of Shock by Vehumet.
  9611 | D:8      | Killed Joseph
  9684 | D:8      | Found an ancient bone altar of Kikubaaqudgha.
 10222 | D:8      | Found a staircase to the Lair.
 10544 | D:9      | Reached skill level 10 in Conjurations
 10558 | D:9      | Found a staircase to the Orcish Mines.
 11435 | D:9      | Found Asuyf's Armour Emporium.
 11442 | D:9      | Bought the +1 leather armour "Buet" {rF- Int+7 SInv Stlth+}
                  | for 373 gold pieces
 11462 | D:9      | Offered knowledge of Scorch by Vehumet.
 11466 | D:9      | Learned a level 2 spell: Scorch
 11669 | D:10     | Entered Level 10 of the Dungeon
 11675 | D:10     | Noticed a manticore
 11682 | D:10     | Killed a manticore
 11683 | D:10     | Reached skill level 5 in Shields
 11893 | Lair:1   | Entered Level 1 of the Lair of Beasts
 12023 | Lair:1   | Learned a level 5 spell: Freezing Cloud
 12029 | Lair:1   | Noticed a cane toad
 12043 | Lair:1   | Killed a cane toad
 12043 | Lair:1   | Reached ** piety under Vehumet
 12044 | Lair:1   | Reached skill level 1 in Armour
 12044 | Lair:1   | Reached skill level 1 in Fire Magic
 12046 | Lair:1   | Noticed a cane toad
 12059 | Lair:1   | Killed a cane toad
 12395 | Lair:1   | Noticed balagan2's ghost (novice FeCj)
 12396 | Lair:1   | Found a runed translucent door.
 12555 | Lair:1   | Gained mutation: You sometimes gain power by taking damage.
                  | [demonic ancestry]
 12555 | Lair:1   | Reached XP level 11. HP: 72/83 MP: 21/23
 12743 | Lair:1   | Reached skill level 1 in Ice Magic
 12743 | Lair:1   | Reached skill level 1 in Air Magic
 12939 | Lair:1   | Noticed a five-headed hydra
 12951 | Lair:1   | Killed a five-headed hydra
 13169 | Lair:1   | Noticed a death yak
 13201 | Lair:1   | Killed a death yak
 13290 | Lair:1   | Noticed a death yak
 13291 | Lair:1   | Noticed a death yak
 13346 | Lair:1   | Killed a death yak
 13347 | Lair:1   | Reached skill level 2 in Fire Magic
 13666 | Lair:1   | Noticed a death yak
 13687 | Lair:1   | Noticed a death yak
 13692 | Lair:1   | Killed a death yak
 13866 | D:8      | Killed a death yak
 13867 | D:8      | Reached skill level 3 in Fire Magic
 13870 | D:8      | Killed a death yak
 14522 | Lair:2   | Offered knowledge of Static Discharge by Vehumet.
 14523 | Lair:2   | Reached skill level 4 in Fire Magic
 14867 | Lair:2   | Reached *** piety under Vehumet
 15108 | Lair:2   | Noticed a four-headed hydra
 15116 | Lair:2   | Killed a four-headed hydra
 15117 | Lair:2   | Reached XP level 12. HP: 78/89 MP: 20/24
 15450 | Lair:2   | Noticed an eight-headed hydra
 15456 | Lair:2   | Killed an eight-headed hydra
 15509 | Lair:2   | Found a hole to the Spider Nest.
 15525 | Lair:2   | Reached skill level 5 in Armour
 15551 | Lair:2   | Reached skill level 5 in Fire Magic
 15569 | Lair:2   | Noticed Gastronok
 15581 | Lair:2   | Killed Gastronok
 15610 | Lair:2   | Identified the amulet of Roleilem {Reflect Regen+ SH+5}
 15674 | Lair:2   | Found a blossoming altar of Fedhas.
 15889 | Lair:3   | Noticed a catoblepas
 15896 | Lair:3   | Killed a catoblepas
 15900 | Lair:3   | Offered knowledge of Sticky Flame by Vehumet.
 15914 | Lair:3   | Reached skill level 6 in Fire Magic
 16081 | Lair:3   | Found a staircase to the Swamp.
 16195 | Lair:3   | Noticed a six-headed hydra
 16353 | Lair:3   | Killed a six-headed hydra
 16456 | Lair:3   | Noticed Nergalle
 16465 | Lair:3   | Killed Nergalle
 16466 | Lair:3   | Reached skill level 7 in Fire Magic
 16593 | Lair:3   | Reached **** piety under Vehumet
 16605 | Lair:3   | Gained mutation: When hurt, damage is shared between your
                  | health and your magic reserves. [demonic ancestry]
 16605 | Lair:3   | Reached XP level 13. HP: 94/94 MP: 5/25
 16747 | Lair:3   | Offered knowledge of Fireball by Vehumet.
 16754 | Lair:3   | Learned a level 5 spell: Fireball
 17163 | Lair:4   | Found a runed translucent door.
 17163 | Lair:4   | Found a viscous altar of Jiyva.
 17165 | Lair:4   | Found a staircase to the Slime Pits.
 17172 | Lair:4   | Noticed Nessos
 17182 | Lair:4   | Reached skill level 8 in Fire Magic
 17188 | Lair:4   | Killed Nessos
 17524 | Lair:4   | Found a transporter.
 17756 | Lair:4   | Reached skill level 15 in Conjurations
 17756 | Lair:4   | Reached skill level 9 in Fire Magic
 17775 | Lair:4   | Found a one-way gate to the infinite horrors of the Abyss.
 17787 | Lair:4   | Found a transporter.
 17788 | Lair:4   | Noticed drugrobin's ghost (journeyman DgDe)
 17944 | Lair:5   | Entered Level 5 of the Lair of Beasts
 17981 | Lair:5   | Reached ***** piety under Vehumet
 17981 | Lair:5   | Offered knowledge of Spellforged Servitor by Vehumet.
 18076 | Lair:5   | Found a frozen archway.
 18085 | IceCv    | Entered an ice cave
 18281 | IceCv    | Got Tink's Incunable of the Metallic Winter
 18288 | IceCv    | Learned a level 5 spell: Lee's Rapid Deconstruction
 18433 | Lair:5   | Reached skill level 1 in Earth Magic
 18433 | Lair:5   | Reached XP level 14. HP: 101/101 MP: 20/26
 18632 | Lair:5   | Offered knowledge of Eringya's Noxious Bog by Vehumet.
 19490 | D:10     | Noticed Maggie
 19495 | D:10     | Killed Maggie
 19923 | D:10     | Found a runed translucent gate.
 19924 | D:10     | Found a runed translucent gate.
 19925 | D:10     | Found a runed translucent gate.
 19985 | D:10     | Noticed gebbletook2's ghost (novice VSFi)
 20347 | D:11     | Reached skill level 5 in Earth Magic
 21668 | D:13     | Reached skill level 10 in Fire Magic
 21802 | D:13     | Offered knowledge of Iron Shot by Vehumet.
 21864 | D:13     | Learned a level 6 spell: Iron Shot
 21966 | D:13     | Found a gate to the Vaults.
 22048 | D:13     | Reached XP level 15. HP: 103/108 MP: 28/28
 22905 | D:14     | Noticed Josephine
 22925 | D:14     | Killed Josephine
 23331 | D:15     | Entered Level 15 of the Dungeon
 23571 | D:15     | Found a staircase to the Depths.
 24633 | Spider:1 | Entered Level 1 of the Spider Nest
 24637 | Lair:2   | Offered knowledge of Ozocubu's Refrigeration by Vehumet.
 24668 | Spider:1 | Reached skill level 11 in Fire Magic
 25059 | Spider:1 | Noticed Jorgrun
 25067 | Spider:1 | Killed Jorgrun
 25706 | Spider:2 | Noticed an emperor scorpion
 25716 | Spider:2 | Killed an emperor scorpion
 25873 | Spider:2 | Noticed Nikola
 25879 | Spider:2 | Killed Nikola
 25880 | Spider:2 | Reached skill level 10 in Earth Magic
 26221 | Spider:2 | Identified the +7 trident "Taamos" {vorpal, rElec rC+
                  | Dex-2}
 26326 | Spider:2 | Noticed an emperor scorpion
 26339 | Spider:2 | Killed an emperor scorpion
 26855 | Spider:3 | Noticed an emperor scorpion
 26858 | Spider:2 | Gained mutation: You are mostly covered in thin metallic
                  | scales. (AC +3) [demonic ancestry]
 26858 | Spider:2 | Reached XP level 16. HP: 60/115 MP: 20/29
 26942 | Spider:2 | Reached skill level 10 in Spellcasting
 27013 | Spider:3 | Offered knowledge of Lightning Bolt by Vehumet.
 27982 | Spider:3 | Identified the +5 longbow of Tolem {freeze, rPois Will-
                  | MP+9 Int+7}
 28156 | Spider:3 | Identified the +9 morningstar "Hereoxod" {elec, rElec Str+2
                  | Dex+4}
 28166 | Spider:3 | Identified the +5 long sword of Deflation {freeze, Will+
                  | Int+4}
 28443 | Spider:3 | Found a runed translucent door.
 28443 | Spider:3 | Noticed gdog's ghost (adept GnDe)
 28454 | Spider:3 | Killed gdog's ghost
 28509 | Spider:3 | Identified the ring "Apioppul" {rElec rPois SInv}
 28625 | Spider:4 | Entered Level 4 of the Spider Nest
 28635 | Spider:3 | Reached skill level 12 in Fire Magic
 28764 | Spider:4 | Reached ****** piety under Vehumet
 29063 | Spider:4 | Offered knowledge of Starburst by Vehumet.
 29412 | Spider:4 | Identified the +6 mace of Ashenzari's Generosity {vorpal,
                  | rF++ Str+3}
 30116 | Spider:4 | Reached XP level 17. HP: 120/120 MP: 13/31
 30967 | Spider:4 | Got a gossamer rune of Zot
 31166 | Swamp:1  | Entered Level 1 of the Swamp
 31326 | Swamp:1  | Found a runed translucent door.
 31509 | Swamp:1  | You fall into a shaft and drop 1 floor!
 31510 | Swamp:2  | Noticed Donald
 31513 | Swamp:2  | Killed Donald
 31523 | Swamp:2  | Offered knowledge of Ignition by Vehumet.
 31596 | Swamp:2  | Learned a level 8 spell: Ignition
 32284 | Swamp:2  | Found a runed translucent door.
 32292 | Swamp:2  | Noticed Ozxa's ghost (adept DjCA)
 32475 | Swamp:2  | Identified a scroll of acquirement
 32484 | Swamp:2  | Acquired the ring of Creativity {rPois rC+ AC+4 Int+3}
 32879 | Swamp:3  | Reached skill level 13 in Fire Magic
 33785 | Swamp:3  | Offered knowledge of Lehudib's Crystal Spear by Vehumet.
 33785 | Swamp:3  | Offered knowledge of Chain Lightning by Vehumet.
 33785 | Swamp:3  | Offered knowledge of Polar Vortex by Vehumet.
 33926 | Swamp:4  | Entered Level 4 of the Swamp
 34333 | Swamp:4  | Gained mutation: You are completely covered in thin
                  | metallic scales. (AC +4, rElec) [demonic ancestry]
 34333 | Swamp:4  | Reached XP level 18. HP: 127/127 MP: 6/33
 34763 | Swamp:4  | Reached skill level 14 in Fire Magic
 34789 | Swamp:4  | Got a decaying rune of Zot
 35261 | Orc:1    | Entered Level 1 of the Orcish Mines
 35385 | Orc:1    | Noticed Erchach's ghost (journeyman OpHu)
 35547 | Orc:1    | Found a transporter.
 35607 | Orc:1    | Found a transporter.
 35949 | Orc:2    | Entered Level 2 of the Orcish Mines
 35949 | Orc:2    | Found Jaahaosi's Self-Improvement Boutique.
 36175 | Orc:2    | Noticed Urug
 36189 | Orc:2    | Killed Urug
 36367 | Orc:2    | Found a staircase to the Elven Halls.
 36968 | Orc:2    | Found Nuwuipistu's Jewellery Boutique.
 36968 | Orc:2    | Found Gicies's Distillery.
 36997 | Orc:2    | Found Vonaisa's Antique Weapon Shoppe.
 36997 | Orc:2    | Found Tonkaegg's Magic Scroll Shoppe.
 37022 | Orc:2    | Bought the ring of Uqol {rF+ rN++} for 425 gold pieces
 37032 | Orc:2    | Bought a scroll of teleportation for 42 gold pieces
 37032 | Orc:2    | Bought a scroll of teleportation for 42 gold pieces
 37032 | Orc:2    | Bought a scroll of teleportation for 42 gold pieces
 37034 | Orc:2    | Bought a potion of cancellation for 120 gold pieces
 37034 | Orc:2    | Bought a potion of cancellation for 120 gold pieces
 37034 | Orc:2    | Bought 2 potions of magic for 240 gold pieces
 37397 | Elf:1    | Entered Level 1 of the Elven Halls
 37453 | Elf:1    | Found a shimmering blue altar of Sif Muna.
 37457 | Elf:1    | Found an ancient bone altar of Kikubaaqudgha.
 37457 | Elf:1    | Found an ancient bone altar of Kikubaaqudgha.
 37457 | Elf:1    | Found a shimmering blue altar of Sif Muna.
 37613 | Elf:1    | Identified the +3 mace of Ippiot {freeze, rElec Dex+3}
 37715 | Orc:2    | Upgraded the game from 0.29-a0-1033-gb6c65ffae6 to
                  | 0.29-a0-1043-g569b05d6ff
 37768 | Elf:1    | Found Mitacw's Weapon Boutique.
 37937 | Elf:1    | Found a shimmering blue altar of Sif Muna.
 38226 | Elf:1    | Found a portal to a secret trove of treasure.
 38544 | Elf:1    | Found a bloodstained altar of Trog.
 38650 | Elf:1    | Reached skill level 15 in Fire Magic
 39354 | Elf:2    | Reached XP level 19. HP: 132/132 MP: 17/35
 39517 | Elf:2    | Found a runed translucent gate.
 39518 | Elf:2    | Found a runed translucent gate.
 39518 | Elf:2    | Found a runed translucent gate.
 39738 | Elf:2    | Identified the +10 hand axe of Okawaru's Benevolence {vamp,
                  | Drain Int+6}
 39985 | Elf:3    | Entered Level 3 of the Elven Halls
 40104 | Elf:3    | Found a magical portal.
 40113 | WizLab   | Entered Alistair's Party Mansion
 40309 | WizLab   | Reached skill level 16 in Fire Magic
 40683 | WizLab   | Noticed a golden dragon
 40683 | WizLab   | Noticed a golden dragon
 40754 | WizLab   | Acquired 905 gold pieces
 41685 | Elf:3    | Reached skill level 15 in Earth Magic
 41914 | Elf:3    | Identified the +1 leather armour of Devotion {-Tele rElec
                  | rC++ Stlth+}
 42043 | Elf:3    | Identified the +6 scale mail of the Gate {*Slow Will++
                  | Int+8}
 42201 | Elf:3    | Reached skill level 17 in Fire Magic
 42208 | Abyss:3  | Cast into level 3 of the Abyss (a deep elf sorcerer)
 42342 | Abyss:3  | Found a transporter.
 42381 | Abyss:3  | Got an abyssal rune of Zot
 42480 | Elf:3    | Escaped the Abyss
 42581 | Elf:3    | Identified the amulet of Joy {Regen+ Dex+3}
 42587 | Elf:3    | Gained mutation: You have a pair of horns on your head.
                  | [demonic ancestry]
 42587 | Elf:3    | Reached XP level 20. HP: 139/139 MP: 34/37
 42703 | Elf:3    | Identified the +5 ring mail of Middy {rElec rN+ Int+3}
 43128 | Vaults:1 | Entered Level 1 of the Vaults
 43439 | Vaults:1 | You fall into a shaft and drop 1 floor!
 44442 | Vaults:1 | Reached skill level 10 in Armour
 44872 | Vaults:1 | Reached skill level 18 in Fire Magic
 45394 | Vaults:2 | Found a staircase to the Crypt.
 46275 | Vaults:3 | Found a crumbling gateway.
 46371 | Desolati | Entered the Desolation of Salt
 46392 | Desolati | Reached XP level 21. HP: 134/144 MP: 17/39
 46523 | Desolati | Got the Codex of Metallic Dislocation
 46525 | Desolati | Got the Incunable of the Injurious Snowflakes
 46540 | Desolati | Got the Encyclopedia of Hoarfrost
 46883 | Desolati | Got the Tome of Numb Direction
 46885 | Desolati | Identified the ring "Piriuh" {rF- rC++ rN+ MP+9}
 46946 | Desolati | Identified the ring "Lifecoqofucs" {rC+ SInv}
 46964 | Desolati | Identified the amulet of Cineasib {Regen+ Int+5}
 47262 | Vaults:3 | Found Wuxeq's Assorted Antiques.
 48035 | Vaults:3 | Identified the +0 leather armour "Buam" {+Blink Slay+3}
 48864 | Vaults:4 | Identified the +5 trident "Killer Bee's Bane" {freeze,
                  | *Corrode rF+++ rC++}
 49009 | Vaults:4 | Noticed Bai Suzhen
 49013 | Vaults:4 | Killed Bai Suzhen
 50112 | Crypt:1  | Entered Level 1 of the Crypt
 50308 | Crypt:1  | Reached skill level 19 in Fire Magic
 50316 | Crypt:1  | Noticed Aizul
 50323 | Crypt:1  | Killed Aizul
 50760 | Crypt:1  | Gained mutation: You have a pair of large horns on your
                  | head. [demonic ancestry]
 50760 | Crypt:1  | Reached XP level 22. HP: 151/151 MP: 32/40
 51013 | Crypt:1  | Found a huge runed gate.
 51013 | Crypt:1  | Found a huge runed gate.
 51014 | Crypt:1  | Found a huge runed gate.
 51014 | Crypt:1  | Found a huge runed gate.
 51016 | Crypt:1  | Found a huge runed gate.
 51016 | Crypt:1  | Found a huge runed gate.
 51016 | Crypt:1  | Found a huge runed gate.
 51017 | Crypt:1  | Found a huge runed gate.
 51018 | Crypt:1  | Found a huge runed gate.
 51018 | Crypt:1  | Found a huge runed gate.
 51025 | Crypt:1  | Found a huge runed gate.
 51025 | Crypt:1  | Found a huge runed gate.
 51025 | Crypt:1  | Found a huge runed gate.
 51025 | Crypt:1  | Found a huge runed gate.
 51025 | Crypt:1  | Found a huge runed gate.
 51026 | Crypt:1  | Found a huge runed gate.
 51027 | Crypt:1  | Found a huge runed gate.
 51028 | Crypt:1  | Found a huge runed gate.
 51077 | Crypt:1  | Found a huge runed gate.
 51077 | Crypt:1  | Found a huge runed gate.
 51077 | Crypt:1  | Found a huge runed gate.
 51077 | Crypt:1  | Found a huge runed gate.
 51077 | Crypt:1  | Found a huge runed gate.
 51077 | Crypt:1  | Found a huge runed gate.
 51078 | Crypt:1  | Found a huge runed gate.
 51079 | Crypt:1  | Found a huge runed gate.
 51080 | Crypt:1  | Found a huge runed gate.
 51360 | Crypt:1  | Found a huge runed gate.
 51360 | Crypt:1  | Found a huge runed gate.
 51361 | Crypt:1  | Found a huge runed gate.
 51362 | Crypt:1  | Found a huge runed gate.
 51363 | Crypt:1  | Found a huge runed gate.
 51364 | Crypt:1  | Found a huge runed gate.
 51365 | Crypt:1  | Found a huge runed gate.
 51366 | Crypt:1  | Found a huge runed gate.
 51367 | Crypt:1  | Found a huge runed gate.
 51428 | Crypt:1  | Got the Verses on Black Rites
 52925 | Crypt:3  | Entered Level 3 of the Crypt
 54220 | Crypt:3  | Reached skill level 20 in Fire Magic
 54549 | Crypt:3  | Found a staircase to the Tomb.
 54807 | Crypt:3  | Found an ancient bone altar of Kikubaaqudgha.
 55173 | Crypt:3  | Noticed a dread lich
 55179 | Crypt:3  | Killed a dread lich
 55228 | Crypt:3  | Identified the +10 shortbow "Miet" {freeze, rC- rCorr Int+3
                  | Dex+7}
 55229 | Crypt:3  | Identified the ring "Laul" {Wiz Str+4}
 55244 | Crypt:3  | Identified the ring "Xoniw" {rC+ rN+ Str+4}
 55244 | Crypt:3  | Identified the ring of Wekhah {rN+ Str+2}
 55258 | Crypt:3  | Identified the +7 hand axe of the Hammering Puffin {vamp,
                  | Str+4 Dex+4}
 55903 | Depths:1 | Entered Level 1 of the Depths
 56082 | Orc:2    | Bought a manual of Stealth for 1040 gold pieces
 56255 | Depths:1 | Found a runed translucent gate.
 56257 | Depths:1 | Found a runed translucent gate.
 56257 | Depths:1 | Found a runed translucent gate.
 56313 | Depths:1 | Noticed Gesipsybb's ghost (adept MiBe)
 56564 | D:10     | Killed gebbletook2's ghost
 56733 | Elf:1    | You paid a toll of 7 scrolls of fog to enter a treasure
                  | trove
 56734 | Trove    | Entered a treasure trove
 56743 | Trove    | Identified the +0 chain mail of Gian {rC+ rCorr Stlth+}
 56752 | Trove    | Identified the +1 kite shield of Protective Custody {rN++
                  | Dex+6}
 56754 | Trove    | Identified the ring of Zuul {+Blink rC+ rN+ Int+4}
 56759 | Trove    | Identified the ring "Xilubead" {rF+ Str-4 Int+3 Dex+8}
 56761 | Trove    | Identified the +4 mace of Kasywutima {vorpal, rCorr Str+3}
 56762 | Trove    | Identified the +2 pair of gloves of Infinity {rElec rPois
                  | Str-2}
 57121 | Depths:1 | Gained mutation: Your magical and physical power is
                  | slightly enhanced at high health. [demonic ancestry]
 57121 | Depths:1 | Reached XP level 23. HP: 150/156 MP: 21/41
 57295 | Depths:1 | Found Uttuth's Book Shop.
 57970 | Depths:1 | Found a broken altar of Ashenzari.
 58285 | Depths:1 | Found a gateway to Hell.
 58483 | Depths:2 | Found Waduc's Distillery.
 58488 | Depths:2 | Bought a potion of mutation for 160 gold pieces
 58488 | Depths:2 | Bought a potion of heal wounds for 100 gold pieces
 58488 | Depths:2 | Bought a potion of mutation for 160 gold pieces
 58488 | Depths:2 | Bought a potion of heal wounds for 100 gold pieces
 58488 | Depths:2 | Bought a potion of haste for 200 gold pieces
 58488 | Depths:2 | Bought a potion of cancellation for 160 gold pieces
 58576 | Depths:2 | Found a one-way gateway to a ziggurat.
 58767 | Depths:2 | Found Faxouga's Magic Scroll Shop.
 58771 | Depths:2 | Bought a scroll of summoning for 199 gold pieces
 58771 | Depths:2 | Bought a scroll of teleportation for 63 gold pieces
 58771 | Depths:2 | Bought a scroll of fog for 84 gold pieces
 58771 | Depths:2 | Bought a scroll of teleportation for 63 gold pieces
 58771 | Depths:2 | Bought a scroll of teleportation for 63 gold pieces
 59019 | Depths:2 | Found a one-way gate leading to the halls of Pandemonium.
 59235 | Depths:2 | Reached skill level 21 in Fire Magic
 59382 | Depths:2 | Identified the +0 scale mail of the Villain {+Blink Int+9
                  | Stlth-}
 59541 | Depths:3 | Found a huge runed gate.
 59541 | Depths:3 | Found a huge runed gate.
 59541 | Depths:3 | Found a huge runed gate.
 59541 | Depths:3 | Found a huge runed gate.
 59541 | Depths:3 | Found a huge runed gate.
 59541 | Depths:3 | Found a huge runed gate.
 59541 | Depths:3 | Found a huge runed gate.
 59541 | Depths:3 | Found a huge runed gate.
 59541 | Depths:3 | Found a huge runed gate.
 59541 | Depths:3 | Found a huge runed gate.
 59541 | Depths:3 | Found a huge runed gate.
 59541 | Depths:3 | Found a huge runed gate.
 59541 | Depths:3 | Found a huge runed gate.
 59541 | Depths:3 | Found a huge runed gate.
 59541 | Depths:3 | Found a huge runed gate.
 59541 | Depths:3 | Found a huge runed gate.
 59541 | Depths:3 | Found a huge runed gate.
 59541 | Depths:3 | Found a huge runed gate.
 59541 | Depths:3 | Found a huge runed gate.
 59541 | Depths:3 | Found a huge runed gate.
 59832 | Crypt:1  | Noticed a dread lich
 59832 | Crypt:1  | Noticed a dread lich
 59833 | Crypt:1  | Killed a dread lich
 59833 | Crypt:1  | Killed a dread lich
 60237 | Depths:3 | Noticed a juggernaut
 60241 | Depths:3 | Killed a juggernaut
 60246 | Depths:3 | Noticed a juggernaut
 60413 | Depths:3 | Noticed a caustic shrike
 60417 | Depths:3 | Killed a caustic shrike
 60664 | Depths:3 | HP: 6/156 [spriggan air mage/the air (23)]
 60665 | Depths:3 | Killed from afar by a spriggan air mage

Illustrated notes

Levels and vault maps discovered:
D:1:      dpeg_arrival_simpleton_b, layout_loops_ring, minmay_misc_feat_encased
D:2:      layout_basic, hellmonk_ecumenical_altar_arch_garden,
          minmay_heptomino_h4
D:3:      layout_basic, kennysheep_orc_sif_temple, uniq_sigmund
D:4:      layout_rooms, st_stairs_3, nicolae_hexahallways, uniq_duvessa,
          uniq_crazy_yiuf_cottage
D:5:      layout_basic, mainiacjoe_overflow_concentric_impassable,
          uniq_eustachio
D:6:      layout_loops_ring, nicolae_uskayaw_dance_studio
D:7:      layout_basic, lemuel_round_altar, grunt_temple_overflow_open,
          mainiacjoe_overflow_cross_hatched, minmay_temple_entry_waves
D:8:      layout_cave_pools, kiku_gazebo_pond_becter, erik_lair_island,
          uniq_pikel, uniq_joseph
D:9:      layout_roguey, orc_0_dummy, serial_shops, nicolae_diamond_shop
D:10:     layout_loops_ring, gammafunk_ghost_spectres, amcnicky_mini_pool_small,
          st_stairs_13, uniq_maggie
D:11:     layout_basic
D:12:     layout_big_octagon
D:13:     layout_basic, lightli_vaults_fourway_checkpoint
D:14:     layout_irregular_city, solitary_fountain, uniq_josephine
D:15:     grunt_enter_depths_hoard, layout_small_grid, minmay_variable_closet
Temple:   chequers_temple_sunken
Lair:1:   layout_regular_city, hellmonk_ghost_happy_afterlife,
          lemuel_fruit_fields, lemuel_fruit_fields
Lair:2:   layout_hall_layers, spider_nest_entry_webs, hangedman_tree_tricks,
          uniq_gastronok
Lair:3:   layout_cave_pods, skrybe_swamp_entry_bodies,
          nicolae_lair_grazing_beasts [nicolae_sub_lair_graze_edge,
          nicolae_sub_lair_graze_edge, nicolae_sub_lair_graze_edge,
          nicolae_sub_lair_graze_edge], uniq_nergalle
Lair:4:   layout_small_grid, slime_entry_2, gammafunk_ghost_abyssal_escape,
          uniq_nessos
Lair:5:   minmay_lair_end_frog_pond, layout_misc_corridors, portal_ice_cave_rime
Swamp:1:  gammafunk_mikee_crab_dinner, layout_basic_swamp, serial_swamp_ruin,
          evilmike_swamp_ruin_rubble_1, evilmike_swamp_ruin_house_1
Swamp:2:  layout_basic_swamp, ebering_ghost_reflecting_pool,
          evilmike_swamp_ruin_house_6, swamp_pool1, nzn_swamp_blast_mining,
          uniq_donald
Swamp:3:  layout_basic_swamp, infiniplex_staircase_pool_2, swamp_pool5,
          hangedman_swamp_wriggling
Swamp:4:  swamp, layout_basic_swamp
Spider:1: layout_spider_delve, nicolae_spider_twisty_arc_passages, uniq_jorgrun
Spider:2: layout_spider_delve, uniq_nikola
Spider:3: nicolae_spider_mines_2, gammafunk_ghost_grave
Spider:4: hellmonk_spider_rune_bug_friends, nicolae_spider_eight_legs
Orc:1:    layout_caves, gammafunk_ghost_stat_death
Orc:2:    st_orc_elflike, layout_caves, basic_altar, hellmonk_bongcloud_opening,
          nicolae_shop_self_help, uniq_urug
Elf:1:    minmay_the_grid_octo_triangle [minmay_the_grid_octo_shrine,
          minmay_the_grid_octo_prize_big_c,
          minmay_the_grid_octo_vomiting_pacman], layout_gridlike, enter_trove_5,
          serial_shops, nicolae_shop_bloodbath_and_beyond,
          hangedman_elf_disciples, evilmike_spriggan_trog_shrine
Elf:2:    nicolae_elf_blades_crystal_corner, layout_loops_cross, drop_trap,
          lemuel_elevator, uniq_agnes
Elf:3:    minmay_elf_hall_not_hex, layout_geoelf_octagon, mu_enter_wizlab_5
Vaults:1: vaults_room_fancy_cross, hangedman_vaults_corner, v_misc_28,
          nicolae_vaults_ring_of_whatevers, v_rooms_1, hangedman_vaults_stream,
          v_rooms_2, vaults_standard_mumra_lines, v_alt_pattern_3,
          vaults_dpeg_diagonal, ontoclasm_vaults_ring_small,
          layout_vaults_omnicross
Vaults:2: nicolae_vaults_theta, nicolae_vaults_specimen_jars,
          minmay_crypt_entry_skeletal_spiral, nicolae_vaults_network_s,
          hangedman_vaults_corner_blocks, vaults_dpeg_cross,
          hangedman_vaults_pinch, hangedman_vaults_stretched_pinwheel,
          layout_vaults_chaotic_city
Vaults:3: portal_desolation_entry_holy_temple, vaults_room_hallway,
          v_alt_pattern_3, hangedman_vaults_river_flow,
          ontoclasm_vaults_gateway, v_misc_2, ontoclasm_vaults_hangar,
          nicolae_vaults_windows_and_doors_thing, layout_vaults_omnigrid,
          serial_shops, shop
Vaults:4: ontoclasm_vaults_hangar, nicolae_vaults_network_square,
          vaults_mumra_bighexcomb, ontoclasm_vaults_ring_large,
          hangedman_vaults_maws, vaults_room_grunt_arrival_ludios,
          ontoclasm_vaults_bender, v_misc_3, nicolae_vaults_diagonal_hallway_8,
          vaults_mumra_hex, hangedman_vaults_variations,
          nicolae_vaults_little_ls, ontoclasm_vaults_ligature,
          layout_vaults_ring, uniq_bai_suzhen, uniq_margery
Crypt:1:  layout_misc_corridors, special_room [special_room_morgue],
          corexii_leaking_fountain, door_vault, lemuel_upstairs_altar,
          uniq_aizul
Crypt:2:  layout_misc_corridors, hangedman_batty, grunt_megastairs_3
Crypt:3:  evilmike_haunted_forest
Depths:1: nicolae_terramorphic_expanse [nicolae_terramorphic_quarter,
          nicolae_terramorphic_quarter, nicolae_terramorphic_quarter,
          nicolae_terramorphic_quarter, nicolae_terramorphic_quarter,
          nicolae_terramorphic_biome, nicolae_terramorphic_biome,
          nicolae_terramorphic_biome, nicolae_terramorphic_biome],
          layout_gridville, gammafunk_ghost_split, hangedman_geh_valley,
          minmay_room_of_horrors, roderic_serpentine_path, ashenzari_altar_1,
          minmay_shop_star, serial_bayou_shore_b
Depths:2: minmay_bloctagon, layout_gridlike, enter_ziggurat_f,
          grunt_hell_entry_dis_grunt, serial_shops, shop_scrolls,
          rand_demon_pan_entry_5, nicolae_stop_n_shop_2,
          infiniplex_staircase_zigzag_3
Depths:3: minmay_inside_and_out, layout_cave_shapes, hangedman_coc_ice_floe,
          hangedman_abyss_or_decor_clamps, rand_demon_pan_entry_3,
          abyss_entry_flame_altar, special_room [special_room_magic_class],
          kennysheep_pointless_box, drop_trap, kennysheep_cross_bottleneck,
          reverse_door_vault

Skill      XL: |  1  2  3  4  5  6  7  8  9 10 11 12 13 14 15 16 17 18 19 20 21 22 23 |
---------------+----------------------------------------------------------------------+-----
Spellcasting   | 3 4 5 6 7 8 9 10 11 12 13 14 | 14.0
Conjurations   | 5 6 7 8 9 10 12 14 15 16 17 18 19 | 19.0
Fighting       | 2 4 5 6 7 |  7.2
Dodging        | 3 4 |  4.0
Shields        | 1 4 5 8 |  8.9
Translocations | 1 2 |  2.6
Armour         | 2 4 5 6 7 11 14 | 14.7
Fire Magic     | 1 4 7 9 10 11 12 13 15 17 18 19 20 21 | 21.4
Ice Magic      | 3 4 |  4.0
Air Magic      | 3 4 |  4.0
Earth Magic    | 1 7 10 12 13 14 15 16 17 18 19 | 19.9
Stealth        | 3 |  3.4

Action                   |  1- 3 |  4- 6 |  7- 9 | 10-12 | 13-15 | 16-18 | 19-21 | 22-24 || total
-------------------------+-------+-------+-------+-------+-------+-------+-------+-------++-------
Melee: Dagger            |     8 |     6 |       |     3 |       |       |       |       ||    17
       Headbutt          |     2 |       |       |       |       |     6 |    30 |    12 ||    50
       Staff             |       |       |       |       |     3 |       |    65 |    26 ||    94
       Long sword        |       |       |       |       |       |    18 |       |       ||    18
       Mace              |       |       |       |       |       |    10 |       |       ||    10
 Cast: Magic Dart        |    72 |    77 |    44 |    88 |     9 |       |       |       ||   290
       Searing Ray       |       |     5 |    71 |   110 |    10 |       |       |       ||   196
       Iskenderun's Myst |       |       |     7 |    70 |   120 |    29 |    18 |     6 ||   250
       Freezing Cloud    |       |       |       |    36 |   179 |    71 |    32 |     1 ||   319
       Scorch            |       |       |       |    14 |       |       |       |       ||    14
       Fireball          |       |       |       |       |    45 |    46 |    28 |     9 ||   128
       Lee's Rapid Decon |       |       |       |       |     3 |    16 |    87 |    37 ||   143
       Iron Shot         |       |       |       |       |    83 |   494 |   345 |   326 ||  1248
       Ignition          |       |       |       |       |       |       |    50 |    32 ||    82
Evoke: Wand              |       |       |       |       |    11 |       |     1 |       ||    12
  Use: Scroll            |       |    14 |     7 |     8 |    13 |     8 |     4 |     2 ||    56
       Potion            |       |     1 |     1 |     3 |     3 |     4 |     2 |     3 ||    17
Armor: Robe              |     1 |     8 |    21 |    11 |       |       |       |       ||    41
       Leather armour    |       |       |       |     5 |    35 |   146 |    12 |       ||   198
       Scale mail        |       |       |       |       |       |       |    81 |    51 ||   132
Dodge: Dodged            |     8 |    22 |    62 |    59 |    49 |   141 |    58 |    29 ||   428
Block: Other             |     2 |    16 |    14 |     8 |       |       |       |       ||    40
       Reflection        |       |     1 |       |     2 |    22 |    15 |    13 |       ||    53
       Buckler           |       |       |       |    24 |    72 |   125 |    89 |    24 ||   334

Table legend: (Time is in decaauts)
 A = Elapsed time spent in this place.
 B = Non-inter-level travel time spent in this place.
 C = Inter-level travel time spent in this place.
 D = Time resting spent in this place.
 E = Time spent auto-exploring this place.
 F = Levels seen in this place.
 G = Mean time per level.
                   A        B        C        D        E       F      G
               +--------+--------+--------+--------+--------+-----+--------+
         Total |  61246 |  56210 |   5036 |  15889 |  15843 |  49 | 1249.9 |
       Dungeon |  18364 |  16120 |   2244 |   4442 |   6742 |  15 | 1224.3 |
        Temple |     78 |     78 |      0 |      0 |     27 |   1 |   78.0 |
          Lair |   7634 |   6948 |    686 |   2071 |    902 |   5 | 1526.8 |
         Swamp |   4065 |   3888 |    177 |   1017 |   1005 |   4 | 1016.2 |
   Spider Nest |   6427 |   5993 |    434 |   2496 |    954 |   4 | 1606.8 |
  Orcish Mines |   2265 |   2028 |    237 |    599 |    705 |   2 | 1132.5 |
   Elven Halls |   4560 |   4350 |    210 |   1177 |    881 |   3 | 1520.0 |
        Vaults |   6401 |   5978 |    423 |   1112 |   2452 |   4 | 1600.2 |
         Crypt |   5993 |   5561 |    432 |   1788 |    977 |   3 | 1997.7 |
        Depths |   3182 |   2993 |    189 |    529 |   1116 |   3 | 1060.7 |
         Abyss |    271 |    271 |      0 |     72 |      0 |   1 |  271.0 |
         Trove |     45 |     45 |      0 |      0 |      0 |   1 |   45.0 |
      Ice Cave |    238 |    238 |      0 |     79 |      0 |   1 |  238.0 |
        Wizlab |    927 |    927 |      0 |    370 |      0 |   1 |  927.0 |
    Desolation |    789 |    789 |      0 |    135 |     80 |   1 |  789.0 |
               +--------+--------+--------+--------+--------+-----+--------+

Top non-repeatable levels by time:
     D:7: 3044 daAuts
 Crypt:3: 2768 daAuts
  Lair:1: 2178 daAuts
Spider:4: 2044 daAuts
 Crypt:1: 1928 daAuts
   Elf:1: 1823 daAuts
Vaults:2: 1804 daAuts
   Elf:3: 1803 daAuts
  Lair:2: 1717 daAuts
Spider:2: 1704 daAuts
Depths:1: 1674 daAuts
Vaults:4: 1627 daAuts
  Lair:3: 1580 daAuts
   Orc:2: 1560 daAuts
Vaults:1: 1542 daAuts
